 Dungeon Crawl Stone Soup version 0.23.2-33-g5129a83184 (webtiles) character file.

Game seed: 7064470083911319296

5368 teukkam the Blocker (level 10, -4/91 HPs)
             Began as a Minotaur Fighter on July 5, 2019.
             Was an Initiate of Gozag.
             Slain by Pikel
             ... wielding a +0 whip of electrocution
              (17 damage)
             ... on level 9 of the Dungeon.
             The game lasted 00:28:56 (8572 turns).

teukkam the Blocker (Minotaur Fighter)              Turns: 8572, Time: 00:28:57

Health: -4/91      AC: 13    Str: 33    XL:     10   Next: 39%
Magic:  9/9        EV:  8    Int:  5    God:    Gozag
Gold:   1647       SH: 16    Dex: 10    Spells: 9/9 levels left

rFire    . . .     SeeInvis .   a - +0 war axe
rCold    . . .     Gourm    .   y - +0 shield
rNeg     . . .     Faith    .   A - +0 chain mail
rPois    +         Spirit   .   (helmet restricted)
rElec    .         Reflect  +   v - +1 cloak
rCorr    .         Harm     .   (no gloves)
MR       .....                  (no boots)
Stlth    ..........             P - +3 amulet of reflection
HPRegen  0.25/turn              G - ring of poison resistance
MPRegen  0.11/turn              D - +4 ring of strength

@: mighty, gold aura
A: retaliatory headbutt, horns 2
a: Potion Petition, Call Merchant, Bribe Branch, Renounce Religion


You were on level 9 of the Dungeon.
You worshipped Gozag.
Gozag was most pleased with you.
You were not hungry.

You visited 2 branches of the dungeon, and saw 10 of its levels.
You also visited: Sewer.

You collected 1736 gold pieces.
You paid 89 gold pieces to Gozag.

Inventory:

Hand Weapons
 a - a +0 war axe (weapon)
 b - a +0 hunting sling
 c - a +0 dagger of flaming
 s - a +0 dagger of chaos
 L - a +4 flail
Missiles
 z - 260 stones (quivered)
 F - 52 sling bullets
 H - 25 poisoned needles
 I - 4 needles of sleeping
Armour
 v - a +1 cloak (worn)
 y - a +0 shield (worn)
 A - a +0 chain mail (worn)
Jewellery
 B - an uncursed ring of protection from fire
 D - a +4 ring of strength (right hand)
 G - a ring of poison resistance (left hand)
 P - a +3 amulet of reflection (around neck)
Wands
 e - a wand of random effects (6)
 S - a wand of paralysis (12)
Scrolls
 h - 3 scrolls of teleportation {unknown}
 j - 2 scrolls of magic mapping
 k - 3 scrolls of fear {unknown}
 p - 4 scrolls of blinking
 q - a scroll of fog
 r - a scroll of enchant armour {unknown}
 u - 11 scrolls of identify
 w - 4 scrolls of immolation {unknown}
 C - 7 scrolls of remove curse {unknown}
 J - 2 scrolls of amnesia {unknown}
 M - a scroll of summoning {unknown}
 N - a scroll of noise {unknown}
 O - a scroll of brand weapon {unknown}
Potions
 d - 4 potions of might
 g - a potion of cancellation {unknown}
 i - 3 potions of haste {unknown}
 l - 4 potions of brilliance {unknown}
 m - 3 potions of curing {unknown}
 n - a potion of magic {unknown}
 o - 3 potions of heal wounds {unknown}
 t - 2 potions of flight {unknown}
 x - 2 potions of agility {unknown}
 E - a potion of degeneration {unknown}
 K - a potion of experience {unknown}
 Q - a potion of invisibility
 R - a potion of mutation {unknown}
Comestibles
 f - 13 rations


   Skills:
 + Level 9.3 Fighting
 + Level 8.9 Axes
 + Level 6.4 Slings
 + Level 9.3 Armour
 + Level 9.4 Shields


You had 9 spell levels left.
You didn't know any spells.
Your spell library contained the following spells:

 Spells                   Type           Power        Failure   Level  Hunger
 Confusing Touch          Hex            #.....       98%         1    ##.....
 Corona                   Hex            #......      98%         1    ##.....
 Slow                     Hex            #.......     99%         2    ###....
 Confuse                  Hex            #.......     100%        3    ####...
 Gell's Gravitas          Tloc           #.........   100%        3    ####...
 Inner Flame              Hex/Fire       #.......     100%        3    ####...
 Portal Projectile        Hex/Tloc       #.....       100%        3    ####...
 Cause Fear               Hex            #.........   100%        4    #####..
 Leda's Liquefaction      Hex/Erth       #.........   100%        4    #####..
 Petrify                  Tmut/Erth      #.......     100%        4    #####..
 Bolt of Magma            Conj/Fire/Erth #.........   100%        5    ######.
 Iskenderun's Battlesphe  Conj/Chrm      #.......     100%        5    ######.
 Metabolic Englaciation   Hex/Ice        #.........   100%        5    ######.
 Venom Bolt               Conj/Pois      #.........   100%        5    ######.
 Yara's Violent Unravell  Hex/Tmut       #.........   100%        5    ######.
 Iron Shot                Conj/Erth      #.........   100%        6    #######
 Orb of Destruction       Conj           #.........   100%        7    #######
 Spellforged Servitor     Conj/Summ      #.........   100%        7    #######


Dungeon Overview and Level Annotations

Branches:
Dungeon (9/15)             Temple (1/1) D:6             Orc (0/2) D:9
   Lair: D:8-11

Altars:
Dithmenos
Gozag
Makhleb
Nemelex Xobeh
Qazlal
Sif Muna
Xom

Annotations:
D:7 Duvessa
D:8 3 runed translucent doors, bmj180's ghost, novice MiFi
D:9 Pikel


Innate Abilities, Weirdness & Mutations

You reflexively headbutt those who attack you in melee.
You have a pair of horns on your head.


Message History

The gnoll sergeant is lightly wounded.
You slash the slave!
The slave is no longer distracted by gold.
You hit something. The slave barely misses you.
You block the gnoll sergeant's attack. Something hits you but does no damage.
You slash the gnoll sergeant! You headbutt the gnoll sergeant!
The gnoll sergeant is almost dead.
You miss something. You hit the slave but do no damage.
You block the slave's attack. The gnoll sergeant barely misses you.
You furiously retaliate!
You headbutt the gnoll sergeant.
You kill the gnoll sergeant!
Something hits you!
* * * LOW HITPOINT WARNING * * *
You miss something. You slice the slave!!
You kill the slave!
That felt strangely unrewarding.
Something hits you.
* * * LOW HITPOINT WARNING * * *
You are electrocuted!
You die...
Your body crumbles into a pile of gold.

######## #....(.#
#......# #......#
.. #......#
...#########..$@..#
...........$..[[{.#
...........[#######
............#
.........p..#
###.........#
..'...$..$..#
.#.....$...#
#.........##+#####


There were no monsters in sight!

Vanquished Creatures
  Maurice (D:8)
  A hippogriff (D:2)
  Prince Ribbit (D:8)
  3 hogs (D:7)
  A human (D:7)
  2 yaks
  Grum (D:8)
  A water moccasin (D:8)
  A black bear (D:8)
  6 orc warriors
  An ice beast (D:7)
  2 sky beasts
  2 phantoms
  3 slaves (D:9)
  4 ogres
  2 wolves (D:8)
  4 bullfrogs
  A gnoll sergeant (D:9)
  A wyvern skeleton (D:8)
  2 scorpions
  Dowan (D:7)
  2 howler monkeys
  A centaur zombie (D:8)
  3 crimson imps
  A bullfrog zombie (D:7)
  A bullfrog skeleton (D:8)
  2 jellies
  2 hounds (D:4)
  2 quasits
  3 orc priests
  8 orc wizards
  3 iguanas
  8 worker ants
  A hound skeleton (D:7)
  3 gnolls (D:9)
  A howler monkey skeleton (D:8)
  18 adders
  4 river rats
  2 shadow imps
  An ooze (Sewer)
  5 worms
  2 dart slugs
  8 leopard geckos
  31 orcs
  6 giant cockroaches
  5 goblins
  7 hobgoblins
  3 jackals
  6 kobolds
  4 quokkas
  14 ball pythons
  6 bats
  4 frilled lizards
  A jackal skeleton (D:8)
  31 rats
240 creatures vanquished.

Vanquished Creatures (others)
  A centaur (D:7)
1 creature vanquished.

Grand Total: 241 creatures vanquished

Notes
Turn   | Place    | Note
-------+----------+-------------------------------------------
     0 | D:1      | teukkam the Minotaur Fighter began the quest for the Orb.
     0 | D:1      | Reached XP level 1. HP: 19/19 MP: 0/0
    85 | D:2      | Reached XP level 2. HP: 26/27 MP: 1/1
   154 | D:3      | Found a glowing drain.
   193 | D:3      | Reached XP level 3. HP: 12/33 MP: 2/2
   384 | Sewer    | Entered a sewer
   650 | Sewer    | Reached XP level 4. HP: 31/40 MP: 3/3
  1002 | Sewer    | Noticed a bullfrog
  1004 | Sewer    | Noticed a bullfrog
  1013 | Sewer    | Reached XP level 5. HP: 25/47 MP: 4/4
  1015 | Sewer    | Reached skill level 5 in Armour
  1015 | Sewer    | Reached skill level 5 in Shields
  1018 | Sewer    | Reached skill level 5 in Fighting
  1018 | Sewer    | Reached XP level 6. HP: 29/56 MP: 5/5
  1232 | D:3      | Found a burning altar of Makhleb.
  1232 | D:3      | Found a shimmering altar of Xom.
  1705 | D:4      | Found a sparkling altar of Nemelex Xobeh.
  1790 | D:4      | Reached skill level 5 in Axes
  1790 | D:4      | Reached XP level 7. HP: 62/62 MP: 6/6
  1820 | D:4      | Found an opulent altar of Gozag.
  1827 | D:4      | Became a worshipper of Gozag Ym Sagoz the Greedy
  3380 | D:2      | Noticed a hippogriff
  3393 | D:2      | Killed a hippogriff
  3393 | D:2      | Reached skill level 1 in Slings
  4064 | D:4      | Found a stormy altar of Qazlal.
  4845 | D:5      | Entered Level 5 of the Dungeon
  4970 | D:5      | Reached XP level 8. HP: 71/71 MP: 7/7
  5596 | D:6      | Found a staircase to the Ecumenical Temple.
  5602 | Temple   | Entered the Ecumenical Temple
  6759 | D:7      | Noticed Duvessa
  6765 | D:7      | Noticed Dowan
  6806 | D:8      | Reached XP level 9. HP: 66/79 MP: 8/8
  6886 | D:8      | Noticed a centaur warrior
  6890 | D:8      | Noticed a tengu warrior
  6966 | D:8      | Noticed Prince Ribbit
  6976 | D:8      | Killed Prince Ribbit
  7159 | D:8      | Noticed Maurice
  7169 | D:8      | Killed Maurice
  7169 | D:8      | Reached skill level 5 in Slings
  7206 | D:8      | Found a shimmering altar of Xom.
  7245 | D:8      | Noticed Grum
  7667 | D:7      | Killed Dowan
  7843 | D:7      | Reached XP level 10. HP: 77/90 MP: 9/9
  8171 | D:8      | Noticed bmj180's ghost (novice MiFi)
  8179 | D:8      | Found a runed translucent gate.
  8179 | D:8      | Found a runed translucent gate.
  8179 | D:8      | Found a runed translucent gate.
  8240 | D:8      | Killed Grum
  8290 | D:9      | Noticed Pikel
  8344 | D:9      | Found Pivax's Armour Shoppe.
  8346 | D:9      | Found a staircase to the Orcish Mines.
  8465 | D:9      | Found a deep blue altar of Sif Muna.
  8572 | D:9      | Slain by Pikel

Skill      XL: |  1  2  3  4  5  6  7  8  9 10 |
---------------+-------------------------------+-----
Fighting       | 4 5 6 7 8 9 |  9.3
Armour         | 4 5 6 7 8 9 |  9.3
Shields        | 4 5 6 7 8 9 |  9.4
Axes           | 3 4 5 7 8 |  8.9
Slings         | 2 4 5 6 |  6.4

Action                   |  1- 3 |  4- 6 |  7- 9 | 10-12 || total
-------------------------+-------+-------+-------+-------++-------
Melee: War axe           |    68 |   126 |   330 |    96 ||   620
       Headbutt          |    11 |    18 |    58 |    19 ||   106
 Fire: Hunting sling     |       |       |    38 |       ||    38
Evoke: Wand              |       |       |     1 |     4 ||     5
  Use: Scroll            |     1 |     2 |     4 |       ||     7
       Potion            |       |     1 |       |     1 ||     2
 Stab: Distracted        |       |       |     3 |       ||     3
  Eat: Chunk             |       |     3 |     1 |       ||     4
       Ration            |       |       |     6 |     1 ||     7
Armor: Scale mail        |    29 |    74 |     7 |       ||   110
       Chain mail        |       |       |   171 |    44 ||   215
Dodge: Dodged            |    30 |    49 |    87 |    26 ||   192
Block: Shield            |    54 |    92 |   238 |    76 ||   460
       Reflection        |       |       |     4 |     1 ||     5
